 Dungeon Sprint DCSS version 0.30-a0-1016-gfb0d676c02 (webtiles) character file.

Game seed: 6877421945477150272

2139 rocky1 the Thaumaturge (level 9, -9/47 HPs)
             Began as a Deep Elf Earth Elementalist on Apr 7, 2023.
             Was a Priest of Sif Muna.
             Shot with an arrow by a centaur warrior (14 damage)
             ... in the Dungeon (Sprint III: "The Ten Rune Challenge").
             The game lasted 00:05:39 (1647 turns).

rocky1 the Thaumaturge (DEEE)                       Turns: 1647, Time: 00:05:40

Health: -9/47      AC:  2    Str:  5    XL:     9   Next: 9%
Magic:  11/28      EV: 15    Int: 25    God:    Sif Muna [***...]
Gold:   28         SH:  0    Dex: 15    Spells: 25/34 levels left

rFire   . . .      SeeInvis .    (no weapon)
rCold   . . .      Faith    .    (no shield)
rNeg    . . .      Spirit   .    a - +0 robe
rPois   .          Reflect  .    (no helmet)
rElec   .          Rampage  .    (no cloak)
rCorr   .          NoTele   +    (no gloves)
Will    .....                    (no boots)
Stlth   ++                       (no amulet)
HPRegen 0.27/turn                (no ring)
MPRegen 0.21/turn                (no ring)

@: no status effects
A: no striking features
a: Renounce Religion, Channel Magic, Forget Spell


You were in the Dungeon.
You worshipped Sif Muna.
Sif Muna was most pleased with you.
You visited 1 branch You collected 28 gold pieces.

Inventory:

Armour
 a - a +0 robe (worn)
Scrolls
 h - a scroll of butterflies {unknown}
 j - a scroll of poison {unknown}
 k - 4 scrolls of identify
 m - a scroll of torment {unknown}
Potions
 b - 2 potions of magic
 c - 2 potions of curing
 d - 2 potions of might
 e - a potion of haste
 f - a potion of berserk rage
 i - 3 potions of mutation {unknown}
 l - 2 potions of resistance {unknown}
 n - 2 potions of flight
Miscellaneous
 g - a tin of tremorstones (2/2)


   Skills:
 + Level 1.3 Fighting
 + Level 7.5 Dodging
 - Level 2.4 Stealth
 + Level 13.2 Spellcasting
 * Level 7.6 Conjurations
 + Level 2.3 Transmutations
 * Level 7.0 Ice Magic
 * Level 6.4 Air Magic
 + Level 12.9 Earth Magic
 * Level 3.3 Invocations
 * Level 3.2 Evocations


You had 25 spell levels left.
You knew the following spells:

 Your Spells              Type           Power      Damage    Failure   Level
a - Sandblast             Erth           100%       2d20      1%          1
b - Stone Arrow           Conj/Erth      100%       3d13      1%          3
c - Freezing Cloud        Conj/Ice/Air   25%        6-21      5%          5

Your spell library contained the following spells:

 Spells                   Type           Power      Damage    Failure   Level
 Passwall                 Tmut/Erth      44%        N/A       1%          2
 Petrify                  Tmut/Erth      53%        N/A       1%          4
 Cigotuvi's Dreadful Rot  Necr/Pois/Air  54%        N/A       2%          2
 Ignite Poison            Fire/Tmut/Pois 20%        N/A       8%          3


Dungeon Overview and Level Annotations

Branches:
Dungeon (1/1)

Altars:
Cheibriados
Dithmenos
Elyvilon
Fedhas
Gozag
Hepliaklqana
Kikubaaqudgha
Makhleb
Nemelex Xobeh
Okawaru
Qazlal
Ru
Sif Muna
Trog
Uskayaw
Vehumet
Wu Jian
Xom
Yredelemnul
Zin
The Shining One
Jiyva
Lugonu


Message History

The centaur moves out of view.
Aiming: Stone Arrow (safe; 1% risk of failure)
Press: ? - help, Q - select action, (/) - cycle Shift-Dir - straight line, f/p - centaur
Aim: a centaur (severely wounded, 87% to hit)
The stone arrow hits the centaur!
You kill the centaur!
Sif Muna accepts your kill.
Your Evocations skill increases to level 3!
Aiming: Stone Arrow (safe; 1% risk of failure)
Press: ? - help, Q - select action, (/) - cycle Shift-Dir - straight line, f - centaur
Aim: a centaur (87% to hit)
The stone arrow hits the centaur!
The centaur is heavily wounded.
The centaur wields a +0 shortbow.
The centaur shoots an arrow.
The arrow closely misses you.
The centaur shoots an arrow.
The arrow hits you!
Aiming: Stone Arrow (safe; 1% risk of failure)
Press: ? - help, Q - select action, (/) - cycle Shift-Dir - straight line, f/p - centaur
Aim: a centaur, wielding a +0 shortbow (heavily wounded, 87% to hit)
The stone arrow hits the centaur!
You kill the centaur!
Sif Muna accepts your kill.
Your Ice Magic skill increases to level 7!
You start resting.
A centaur warrior comes into view.
Aiming: Stone Arrow (safe; 1% risk of failure)
Press: ? - help, Q - select action, (/) - cycle Shift-Dir - straight line, f - centaur warrior
Aim: a centaur warrior (84% to hit)
The stone arrow hits the centaur warrior!
The centaur warrior is lightly wounded.
The centaur warrior wields a +0 shortbow.
The centaur warrior shoots an arrow.
The arrow hits you!
Aiming: Stone Arrow (safe; 1% risk of failure)
Press: ? - help, Q - select action, (/) - cycle Shift-Dir - straight line, f/p - centaur warrior
Aim: a centaur warrior, wielding a +0 shortbow (lightly wounded, 84% to hit)
The stone arrow hits the centaur warrior!
The centaur warrior is moderately wounded.
The centaur warrior shoots an arrow.
The arrow hits you!!
* * * LOW HITPOINT WARNING * * *
The centaur warrior shoots an arrow.
The arrow hits you!
You die...

#___#__# #__)#._#
#†###)## .......#
.......# ######'#
#__#...#+#############
#__#...#..§§~'.#.).c.+
#__#...#.#§§§#.#@#...#
#__#...'.#§§§#.#.# ..#
#__'...#.#...#...# .#
▓▓▓▓▓▓▓▓▓▓▓▓▓▓▓▓▓▓ #


You could see a centaur warrior.

Vanquished Creatures
  Snorg (D)
  A deep elf pyromancer (D)
  A shadow (D)
  A spatial vortex (D)
  2 centaurs (D)
  An earth elemental (D)
  A scorpion (D)
  A necrophage (D)
  A water elemental (D)
  A jelly (D)
  A wizard (D)
  Jessica (D)
  A necromancer (D)
  3 humans (D)
  A kobold demonologist (D)
  An endoplasm (D)
  2 rats (D)
21 creatures vanquished.

Notes
Turn   | Place    | Note
-------+----------+-------------------------------------------
     0 | D        | rocky1 the Deep Elf Earth Elementalist began the quest for
                  | the Orb.
     0 | D        | Reached XP level 1. HP: 10/10 MP: 6/6
    49 | D        | Noticed Jessica
    53 | D        | Killed Jessica
    54 | D        | Reached skill level 4 in Spellcasting
    54 | D        | Reached skill level 5 in Earth Magic
    54 | D        | Reached XP level 2. HP: 15/15 MP: 4/9
   106 | D        | Reached skill level 5 in Spellcasting
   106 | D        | Reached XP level 3. HP: 19/19 MP: 8/11
   235 | D        | Noticed a scorpion
   240 | D        | Killed a scorpion
   241 | D        | Reached skill level 6 in Spellcasting
   241 | D        | Reached XP level 4. HP: 24/24 MP: 9/14
   245 | D        | Reached skill level 7 in Spellcasting
   422 | D        | Learned a level 3 spell: Stone Arrow
   443 | D        | Noticed a water elemental
   445 | D        | Killed a water elemental
   446 | D        | Reached skill level 5 in Dodging
   446 | D        | Reached skill level 8 in Spellcasting
   446 | D        | Reached XP level 5. HP: 28/28 MP: 9/17
   501 | D        | Found a radiant altar of Vehumet.
   501 | D        | Found a shimmering blue altar of Sif Muna.
   501 | D        | Found an ancient bone altar of Kikubaaqudgha.
   505 | D        | Noticed a red devil
   506 | D        | Reached skill level 9 in Spellcasting
   595 | D        | Became a worshipper of Sif Muna the Loreminder
   709 | D        | Learned a level 5 spell: Freezing Cloud
   713 | D        | Found a glowing silver altar of Zin.
   713 | D        | Found a glowing golden altar of the Shining One.
   713 | D        | Found a white marble altar of Elyvilon.
   713 | D        | Noticed a deep elf pyromancer
   719 | D        | Killed a deep elf pyromancer
   720 | D        | Reached skill level 11 in Spellcasting
   720 | D        | Reached XP level 6. HP: 12/32 MP: 3/22
   720 | D        | Reached XP level 7. HP: 13/36 MP: 3/23
   936 | D        | Found a hide-covered altar of Uskayaw.
   936 | D        | Found an iron altar of Okawaru.
   936 | D        | Found a bloodstained altar of Trog.
   936 | D        | Found an ornate altar of the Wu Jian Council.
   936 | D        | Noticed a human
   936 | D        | Noticed a human
   938 | D        | Killed a human
   948 | D        | Killed a human
   948 | D        | Reached * piety under Sif Muna
   949 | D        | Reached skill level 5 in Ice Magic
  1058 | D        | Found a basalt altar of Yredelemnul.
  1058 | D        | Found a shadowy altar of Dithmenos.
  1058 | D        | Found a sacrificial altar of Ru.
  1061 | D        | Reached skill level 5 in Conjurations
  1111 | D        | Reached ** piety under Sif Muna
  1112 | D        | Reached skill level 12 in Spellcasting
  1112 | D        | Reached skill level 5 in Air Magic
  1127 | D        | Noticed a shadow
  1129 | D        | Killed a shadow
  1130 | D        | Reached XP level 8. HP: 42/42 MP: 19/26
  1169 | D        | Found a blossoming altar of Fedhas.
  1169 | D        | Found a stormy altar of Qazlal.
  1169 | D        | Found a snail-covered altar of Cheibriados.
  1169 | D        | Found a burning altar of Makhleb.
  1169 | D        | Found a shimmering altar of Xom.
  1170 | D        | Found a hazy altar of Hepliaklqana.
  1170 | D        | Found an opulent altar of Gozag.
  1170 | D        | Found a sparkling altar of Nemelex Xobeh.
  1170 | D        | Found a corrupted altar of Lugonu.
  1170 | D        | Found a viscous altar of Jiyva.
  1285 | D        | Noticed Snorg
  1291 | D        | Killed Snorg
  1292 | D        | Reached skill level 1 in Fighting
  1292 | D        | Reached skill level 13 in Spellcasting
  1538 | D        | Reached *** piety under Sif Muna
  1539 | D        | Reached XP level 9. HP: 40/47 MP: 10/28
  1645 | D        | Noticed a centaur warrior
  1647 | D        | Shot with an arrow by a centaur warrior

Illustrated notes

Levels and vault maps discovered:
D:        dungeon_sprint_mu [sprint_mu_entry_cave, sprint_mu_temple_rooms,
          sprint_mu_d1_horrors, sprint_mu_d2_genie, sprint_mu_d3_branching,
          sprint_mu_orc_legion, sprint_mu_elf_gauntlet, sprint_mu_hive_nellie,
          sprint_mu_lair_fedhas, sprint_mu_vaults_butterflies,
          sprint_mu_slime_circle, sprint_mu_swamp_cave, sprint_mu_snake_twists,
          sprint_mu_blade_basic, sprint_mu_crypt_fortress,
          sprint_mu_tomb_spiral, sprint_mu_vestibule_basic,
          sprint_mu_gehenna_hellfire, sprint_mu_dis_giant,
          sprint_mu_tartarus_statrot, sprint_mu_cocytus_islands, sprint_mu_zot1]

Skill      XL: |  1  2  3  4  5  6  7  8  9 |
---------------+----------------------------+-----
Dodging        | 3 4 5 6 7 |  7.5
Spellcasting   | 4 5 6 8 11 12 13 | 13.2
Earth Magic    | 5 7 9 11 12 | 12.9
Transmutations | 2 |  2.3
Conjurations   | 3 5 7 |  7.6
Ice Magic      | 4 5 6 7 |  7.0
Air Magic      | 3 5 6 |  6.4
Fighting       | 1 |  1.3
Invocations    | 3 |  3.3
Evocations     | 2 3 |  3.2
Stealth        | |  2.4

Action                     |  1- 3 |  4- 6 |  7- 9 || total
---------------------------+-------+-------+-------++-------
   Cast: Sandblast         |     6 |     4 |       ||    10
         Stone Arrow       |       |    11 |    35 ||    46
    Use: Potion            |       |     1 |     2 ||     3
         Scroll            |       |       |     1 ||     1
 Armour: Robe              |       |     1 |       ||     1
  Dodge: Dodged            |     2 |     2 |    12 ||    16

Table legend: (Time is in decaauts)
 A = Elapsed time spent in this place.
 B = Non-inter-level travel time spent in this place.
 C = Inter-level travel time spent in this place.
 D = Time resting spent in this place.
 E = Time spent auto-exploring this place.
 F = Levels seen in this place.
 G = Mean time per level.
                   A        B        C        D        E       F      G
               +--------+--------+--------+--------+--------+-----+--------+
         Total |   1655 |   1655 |      0 |   1341 |     42 |   1 | 1655.0 |
       Dungeon |   1655 |   1655 |      0 |   1341 |     42 |   1 | 1655.0 |
               +--------+--------+--------+--------+--------+-----+--------+

Top non-repeatable levels by time:
       D: 1655 daAuts
